 Dungeon Crawl Stone Soup version 0.17-a0-1635-gd4e48f1 (webtiles) character file.

28 hexophile the Changer (level 3, 0/23 HPs)
             Began as an Octopode Transmuter on Aug 4, 2015.
             Slain by a giant cockroach (1 damage)
             ... on level 1 of the Dungeon.
             The game lasted 00:02:02 (1352 turns).

hexophile the Changer (Octopode Transmuter)         Turns: 1352, Time: 00:02:02

Health: 0/23       AC:  1    Str:  9      XL:     3   Next: 14%
Magic:  5/6        EV: 12    Int: 14 (16) God:
Gold:   74         SH:  0    Dex: 12      Spells: 2 memorised, 3 levels left

rFire  . . .     SeeInvis .       - Unarmed
rCold  . . .     Clarity  .     (no shield)
rNeg   . . .     SustAt   .     (helmet restricted)
rPois  .         Gourm    .     (no amulet)
rElec  .         Spirit   .     (no ring)
rCorr  .         Warding  .     (no ring)
rMut   .         Stasis   .     (no ring)
MR     .....                    (no ring)
Stlth  ++........               (no ring)
                                (no ring)
                                (no ring)
                                (no ring)

@: appendage, flying, not resistant to hostile enchantments, unstealthy
A: almost no armour, amphibious, 8 rings, constrict 8, tentacle spike 3,
camouflage 1, gelatinous body 1
a: End Transformation


You were on level 1 of the Dungeon.
You were hungry.
One of your tentacles had a temporary spike.
You visited 1 branch of the dungeon, and saw 2 of its levels.

You collected 74 gold pieces.

Inventory:

Missiles
 a - 12 arrows
Jewellery
 e - an uncursed ring of see invisible {unknown}
 g - a +5 ring of protection {unknown}
Scrolls
 h - a scroll of fear {unknown}
Books
 b - a book of Changes

   Spells                             Type                      Level
   a - Beastly Appendage              Transmutation                1
   b - Sticks to Snakes               Transmutation                2
   c - Spider Form                    Transmutation/Poison         3
   d - Ice Form                       Ice/Transmutation            4
   e - Blade Hands                    Transmutation                5
Comestibles
 c - a bread ration


   Skills:
 - Level 1.0 Fighting
 - Level 2.0 Dodging
 + Level 3.0 Unarmed Combat
 - Level 2.0 Spellcasting
 * Level 3.5 Transmutations


You had 3 spell levels left.
You knew the following spells:

 Your Spells              Type           Power        Failure   Level  Hunger
a - Beastly Appendage     Trmt           ##....       6%          1    ##.....
b - Sticks to Snakes      Trmt           ##........   10%         2    ###....


Dungeon Overview and Level Annotations

Branches:
Dungeon (2/15)

Altars:


Innate Abilities, Weirdness & Mutations

You cannot wear most types of armour.
You are amphibious.
You can wear up to eight rings at the same time.
You can use your tentacles to constrict eight enemies at once.
Your skin changes colour to match your surroundings (Stealth).
Your rubbery body absorbs attacks (AC +1).
One of your tentacles bears a large vicious spike.


Message History

The giant cockroach bites you but does no damage.
There is an open door here.
You are feeling hungry.
The giant cockroach waves its antennae.
The giant cockroach bites you.
* * * LOW HITPOINT WARNING * * *
A bat comes into view.
The bat moves out of view.
Read which item? (? for menu, Esc to quit)
Okay, then.
You aren't carrying any potions.
Unknown command.
Casting: Beastly Appendage
Confirm with . or Enter, or press ? or * to list all spells.
One of your tentacles grows a vicious spike.
The giant cockroach closely misses you.
Unknown command.
You closely miss the giant cockroach. You grab the giant cockroach.
You constrict the giant cockroach. The giant cockroach bites you.
You die...

##.#####....# ##.#....#
##.....
##.....'....#####......#
#.....
....####...............#
#.###. ###.#
#.....###.......#####.# ##
###.#
#.....#.............#.# #
....#
#....##.##...######.#.#
###### #....##'##.#.# #.#
.....###....#.....#......#
#.
......##....#...@###.....#
......##..>.#...s# .....#
# ......'...# #....#
#+####+#.# ......###†#
#....# #........# ###...#
#.# #....# #........#
#...# #.#
#....####........# #...#
#.# #.(..'...........#
#...#
#.###....###..>......#
#...# #........#
#.........#


You could see a giant cockroach.

Vanquished Creatures
  A ball python (D:1)
  8 bats
  2 giant cockroaches (D:1)
  4 goblins (D:1)
  6 hobgoblins
  5 rats (D:1)
26 creatures vanquished.

Notes
Turn   | Place    | Note
--------------------------------------------------------------
     0 | D:1      | hexophile the Octopode Transmuter began the quest for the Orb.
     0 | D:1      | Reached XP level 1. HP: 13/13 MP: 3/3
   427 | D:1      | Reached XP level 2. HP: 8/18 MP: 3/5
   898 | D:1      | HP: 1/18 [hobgoblin (4)]
  1237 | D:1      | Reached XP level 3. HP: 19/23 MP: 4/6
  1247 | D:1      | Learned a level 2 spell: Sticks to Snakes
  1330 | D:2      | HP: 2/23 [giant cockroach (1)]
  1338 | D:2      | HP: 2/23 [giant cockroach (1)]
  1349 | D:1      | HP: 1/23 [giant cockroach (2)]
  1352 | D:1      | Slain by a giant cockroach

Vault maps used:
D:1:      denvon_arrival_planthouse
D:2:      lightli_temple_of_fire

Action                   || total
-------------------------++-------
Melee: Unarmed           ||    66
 Cast: Beastly Appendage ||     9
  Use: Potion            ||     2
 Stab: Sleeping          ||     2
  Eat: Chunk             ||     1
